 Dungeon Crawl Stone Soup version 0.19.5 (webtiles) character file.

25 McKennaii the Skirmisher (level 2, -1/24 HPs)
             Began as a Demonspawn Abyssal Knight on Apr 25, 2017.
             Was a Follower of Lugonu.
             Slain by a giant cockroach (2 damage)
             ... on level 2 of the Dungeon.
             The game lasted 00:02:05 (558 turns).

McKennaii the Skirmisher (Demonspawn Abyssal Knight) Turns: 558, Time: 00:02:06

Health: -1/24      AC:  4    Str: 12    XL:     2   Next: 82%
Magic:  3/3        EV: 10    Int: 13    God:    Lugonu [*.....]
Gold:   31         SH:  4    Dex: 12    Spells: 0 memorised, 1 level left

rFire  . . .     SeeInvis .     a - +1 falchion
rCold  . . .     Gourm    .     b - +0 leather armour
rNeg   . . .     Faith    .     f - +1 buckler {reflect}
rPois  .         Spirit   .     (no helmet)
rElec  .         Reflect  +     (no cloak)
rCorr  .         Harm     .     d - +0 pair of gloves
MR     .....                    (no boots)
Stlth  +.........               (no amulet)
                                (no ring)
                                (no ring)

@: no status effects
A: rot immunity
a: Depart the Abyss, Renounce Religion


You were on level 2 of the Dungeon.
You worshipped Lugonu.
Lugonu was aware of your devotion.
You were not hungry.

You visited 1 branch of the dungeon, and saw 2 of its levels.
You visited the Abyss 1 time.

You collected 31 gold pieces.

Inventory:

Hand Weapons
 a - a +1 falchion (weapon)
Armour
 b - a +0 leather armour (worn)
 d - a +0 pair of gloves (worn)
 f - a +1 buckler of reflection (worn)
Scrolls
 e - a scroll of enchant armour {unknown}
Potions
 g - a potion of flight {unknown}
 i - a potion of mutation {unknown}
Comestibles
 c - 5 bread rations
 h - 2 beef jerkies


   Skills:
 + Level 3.4 Fighting
 + Level 2.1 Long Blades
 + Level 2.1 Armour
 + Level 1.1 Dodging
 + Level 2.6 Invocations


You had one spell level left.
You didn't know any spells.

Dungeon Overview and Level Annotations

Branches:
Dungeon (2/15)

Altars:


Innate Abilities, Weirdness & Mutations

You are immune to rotting.


Message History

The giant cockroach bites you but does no damage.
A gnoll comes into view. It is wielding a whip.
You hit the giant cockroach but do no damage.
The giant cockroach bites you but does no damage.
The rat bites you.
The gnoll hits you from afar with a spear!
You hit the giant cockroach.
The giant cockroach is almost dead.
You block the giant cockroach's attack. The rat bites you but does no damage.
The gnoll hits you from afar with a spear.
* * * LOW HITPOINT WARNING * * *
A kobold comes into view. It is wielding a short sword.
You completely miss the giant cockroach.
The giant cockroach is almost dead.
The kobold shouts!
The giant cockroach barely misses you. The rat bites you but does no damage.
The gnoll hits you from afar with a spear.
* * * LOW HITPOINT WARNING * * *
The giant cockroach bites you.
You die...

#. #.#######
########.######........
................#######
#...........##.......
##.....#.###.##.######
.......#........#
##..g..#........#
g.....g##s##.##.#
..K..wgr@.#.....#
####.g#.#.##.##.# #.
#.#.###. .. .. #.#.# #
# ## #.#.. #.### #.#
#.#


You could see a worm, 4 gnolls, a giant cockroach, a kobold and a rat.

Vanquished Creatures
  An ufetubus (Abyss:1)
  A dart slug (D:1)
  A bat (D:2)
  A giant cockroach (D:1)
  2 goblins (D:1)
  2 hobgoblins (D:1)
  A frilled lizard (D:1)
  A kobold (D:1)
  10 rats (D:1)
20 creatures vanquished.

Notes
Turn   | Place    | Note
-------+----------+-------------------------------------------
     0 | Abyss:1  | McKennaii the Demonspawn Abyssal Knight began the quest for the Orb.
     0 | Abyss:1  | Reached XP level 1. HP: 18/18 MP: 2/2
    81 | Abyss:1  | Noticed a rakshasa
    82 | D:1      | Escaped the Abyss
    99 | D:1      | Reached skill level 1 in Dodging
   125 | D:1      | Gained mutation: You are immune to rotting. [demonic ancestry]
   125 | D:1      | Reached XP level 2. HP: 8/24 MP: 3/3
   197 | D:1      | Reached * piety under Lugonu
   558 | D:2      | HP: 1/24 [gnoll/spear (5)]
   558 | D:2      | Slain by a giant cockroach

Skill      XL: |  1  2 |
---------------+-------+-----
Armour         | 2 |  2.1
Dodging        | 1 |  1.1
Long Blades    | 2 |  2.1
Fighting       | |  3.4
Invocations    | |  2.6

Action                   || total
-------------------------++-------
Melee: Falchion          ||    57
Invok: Depart the Abyss  ||     1
Armor: Leather armour    ||    21
Dodge: Dodged            ||    39
Block: Buckler           ||     7
       Rpst.: Falchion   ||     5
